 Dungeon Crawl Stone Soup version 0.29.0-4-gdea44cf6ec (webtiles) character file.

Game seed: 1916693500275452199

16272 qw the Grappler (level 12, -4/101 HPs)
             Began as a Ghoul Fire Elementalist on Aug 29, 2022.
             Was a High Priest of Okawaru.
             Slain by a polar bear (13 damage)
             ... on level 1 of the Lair of Beasts.
             The game lasted 00:09:50 (13069 turns).

qw the Grappler (Ghoul Fire Elementalist)          Turns: 13069, Time: 00:09:50

Health: -4/101     AC: 26    Str: 17    XL:     12   Next: 35%
Magic:  18/18      EV:  7    Int: 10    God:    Okawaru [*****.]
Gold:   247        SH:  5    Dex:  9    Spells: 13/14 levels left

rFire   . . .      SeeInvis +     - Unarmed
rCold   + . .      Faith    .   (no shield)
rNeg    + + +      Spirit   .   j - +0 plate armour
rPois   inf        Reflect  +   g - +2 hat
rElec   .          Harm     .   l - +1 cloak
rCorr   .          Rampage  .   c - +2 pair of gloves
Will    .....                   o - +2 pair of boots {Stlth+}
Stlth   ..........              n - amulet of reflection
HPRegen 0.00/turn               h - ring of see invisible
MPRegen 0.16/turn               (no ring)

@: about to teleport, heroic, inhibited regen
A: claws 1, cold resistance 1, negative energy resistance 3, inhibited
regeneration, torment resistance 2, devour on kill
a: Renounce Religion, Heroism, Finesse, Duel


You were on level 1 of the Lair of Beasts.
You worshipped Okawaru.
Okawaru was extremely pleased with you.
You visited 3 branches of the dungeon, and saw 12 of its levels.
You also visited: Sewer.

You collected 666 gold pieces.
You spent 419 gold pieces at shops.


Innate Abilities, Weirdness & Mutations

You are immune to poison.
You have sharp fingernails.
Your flesh is cold resistant. (rC+)
You are immune to negative energy. (rN+++)
You do not regenerate when monsters are visible.
You are immune to unholy pain and torment.
You thrive by killing the living.


   Skills:
 - Level 8.0(13.0) Fighting
 - Level 4.0(9.0) Throwing
 - Level 6.0(11.0) Armour
 - Level 1.7(6.7) Dodging
 - Level 2.1(7.1) Stealth
 + Level 14.9(19.9) Unarmed Combat
 - Level 1.7 Spellcasting
 - Level 0.7 Conjurations
 - Level 2.4 Fire Magic
 - Level 10.0 Invocations


You had 13 spell levels left.
You knew the following spells:

 Your Spells              Type           Power      Damage    Failure   Level
a - Foxfire               Conj/Fire      16%        2x1d4     98%         1

Your spell library contained the following spells:

 Spells                   Type           Power      Damage    Failure   Level
 Scorch                   Fire           10%        2d6       99%         2
 Conjure Flame            Conj/Fire      4%         6-21      100%        3
 Inner Flame              Hex/Fire       3%         N/A       100%        3
 Flame Wave               Conj/Fire      4%         2d5       100%        4

Inventory:

Missiles
 i - 2 boomerangs (quivered)
 q - a silver javelin
Armour
 c - a +2 pair of gloves (worn)
 g - a +2 hat (worn)
 j - a +0 plate armour (worn)
 l - a +1 cloak (worn)
 o - a +2 pair of boots of stealth (worn)
Jewellery
 h - a ring of see invisible (left hand)
 n - an amulet of reflection (around neck)
Scrolls
 f - 7 scrolls of identify
 p - a scroll of silence {unknown}
Potions
 b - 4 potions of might
 d - 2 potions of mutation {unknown}
 e - 3 potions of curing
 m - 4 potions of haste

Dungeon Overview and Level Annotations

Branches:
Dungeon (10/15)            Temple (1/1) D:4            Lair (1/5) D:10
    Orc (0/2) D:10          Sewer (visited)

Altars:
Ashenzari
Cheibriados
Dithmenos
Fedhas
Gozag
Hepliaklqana
Kikubaaqudgha
Makhleb
Nemelex Xobeh
Okawaru
Qazlal
Ru
Sif Muna
Trog
Uskayaw
Vehumet
Wu Jian
Xom
Yredelemnul

Shops:
D:3 [   D:5 *   D:6 (   D:7 (   D:8 [=[   D:9 *

Portals:
Bailey: D:8


Message History

The polar bear attacks as you move away!
The polar bear bites you but does no damage.
The polar bear claws you but does no damage. x2
The black bear bites you but does no damage.
The black bear claws you but does no damage. x2
The polar bear bites you but does no damage.
The polar bear claws you but does no damage.
The polar bear claws you.
13065 ||| Stepping ~*~*~tactically~*~*~ (outnumbered).
The polar bear attacks as you move away!
The polar bear bites you.
The polar bear claws you but does no damage.
The polar bear barely misses you.
The black bear bites you but does no damage.
You block the black bear's attack. x2
13066 ||| Stepping ~*~*~tactically~*~*~ (outnumbered).
The polar bear attacks as you move away!
The polar bear bites you!
The polar bear claws you but does no damage. x2
13067 ||| READING scroll of teleportation.
As you read the scroll of teleportation, it crumbles to dust.
You feel strangely unstable. The black bear barely misses you.
You block the black bear's attack.
The black bear claws you but does no damage.
The polar bear bites you but does no damage.
The polar bear closely misses you.
The polar bear claws you but does no damage.
The polar bear bites you but does no damage.
The polar bear claws you but does no damage.
The polar bear barely misses you.
13068 ||| Stepping ~*~*~tactically~*~*~ (outnumbered).
The polar bear attacks as you move away!
The polar bear bites you.
The polar bear claws you but does no damage.
You block the polar bear's attack.
You closely miss the polar bear. The black bear bites you.
The black bear claws you but does no damage. x2
The polar bear bites you!
You die...

#.#####...###.##.####...###...##.
.....##...##.##...#.#...# #.#####
......#...##.......##..####.# #
.....#....#P....######.# #..# ##
.....##...##....# ########### ##.
.....##...##..#.###..~~.## #~###
#.#####....#...##~.....%.# Y$./(
#'#.###...#######h.h.~%..#..S$$?
..........##.###@hY.~~~~.%.######
.^............###..~~~~~~###~~~~~
...............##(~~~~~~~~~~~~~~~
..............##~.~~~~~~~~~~~~..~
..............##...~~~~~%~~......
##....###....###....~~~~......##.
#.#.#.###..#..####...~~...#######
.......##..#...##.#........#####.
.......##.....####..##.#~###.....


You could see a dire elephant, 2 polar bears and a black bear.

Vanquished Creatures
  A dire elephant (Lair:1)
  An anaconda (Lair:1)
  A two-headed ogre (D:8)
  3 black mambas (Lair:1)
  An elephant (Lair:1)
  A gargoyle (D:10)
  2 cane toads (Lair:1)
  An efreet (D:10)
  2 unseen horrors (D:10)
  2 rime drakes (Lair:1)
  A polar bear (Lair:1)
  3 hornets
  3 blink frogs (Lair:1)
  2 vampires
  12 yaks
  A wraith (D:10)
  5 basilisks
  5 wyverns
  Duvessa (D:5)
  10 water moccasins
  An ice beast (D:3)
  8 orc warriors
  9 wolves (Lair:1)
  2 centaurs (D:9)
  A phantom (D:6)
  5 kobold brigands
  8 bullfrogs
  2 necrophages
  5 scorpions
  3 wights (D:7)
  Dowan (D:5)
  9 killer bees
  2 electric eels (Lair:1)
  2 jellies
  8 orc priests
  2 hounds
  2 gnoll boudas
  3 iguanas
  Terence (D:3)
  8 orc wizards
  8 gnolls
  11 adders
  A shadow imp (D:8)
  An ufetubus (D:6)
  3 worms (D:5)
  39 orcs
  3 bat zombies (D:4)
  5 endoplasms
  6 giant cockroaches
  5 hobgoblins
  5 jackals
  28 kobolds
  2 quokkas
  19 ball pythons
  4 bats
  4 frilled lizards
  13 goblins
  15 rats
312 creatures vanquished.

Vanquished Creatures (others)
  4 fungi (Lair:1)
  13 plants
17 creatures vanquished.

Grand Total: 329 creatures vanquished

Notes
Turn   | Place    | Note
-------+----------+-------------------------------------------
     0 | D:1      | qw the Ghoul Fire Elementalist began the quest for the Orb.
     0 | D:1      | Reached XP level 1. HP: 14/14 MP: 2/2
     0 | D:1      | 0 ||| qw: Version: 0.1-a-90-g952f4b7
     0 | D:1      | 0 ||| qw: Game counter: 4222
     0 | D:1      | 0 ||| qw: Always use a shield: true
     0 | D:1      | 0 ||| qw: God list: Okawaru
     0 | D:1      | 0 ||| qw: Allow faded altars: false
     0 | D:1      | 0 ||| qw: Do Orc after D:15 true
     0 | D:1      | 0 ||| qw: Do second Lair branch before Depths: true
     0 | D:1      | 0 ||| qw: Lair rune preference: random
     0 | D:1      | 0 ||| qw: Plans: Normal
     0 | D:1      | 0 ||| PLANNING D:1-11
    86 | D:1      | Reached skill level 1 in Unarmed Combat
   448 | D:1      | Found a faded altar of an unknown god.
   581 | D:1      | Reached XP level 2. HP: 22/22 MP: 3/3
   591 | D:1      | Reached skill level 1 in Fighting
  1153 | D:1      | 1153 ||| UPGRADING to +1 hat.
  1158 | D:1      | 1158 ||| UPGRADING to +0 chain mail.
  1168 | D:1      | 1168 ||| DROPPING +0 robe.
  1169 | D:1      | 1169 ||| READING 2 scrolls labelled ZUPUEJE MEWO.
  1170 | D:1      | 1170 ||| READING scroll labelled GEUMUOLEVIK.
  1171 | D:1      | 1171 ||| READING scroll labelled UBANEY NUYNK.
  1176 | D:1      | 1176 ||| DRINKING 2 sedimented amethyst potions.
  1177 | D:1      | 1177 ||| DROPPING potion of magic.
  1227 | D:2      | Reached skill level 2 in Unarmed Combat
  1354 | D:2      | Reached XP level 3. HP: 20/28 MP: 4/4
  1363 | D:2      | 1363 ||| FLEEEEING.
  1364 | D:2      | 1364 ||| FLEEEEING.
  1595 | D:2      | Reached skill level 3 in Unarmed Combat
  1765 | D:2      | Reached XP level 4. HP: 27/35 MP: 5/5
  1973 | D:2      | Reached skill level 4 in Unarmed Combat
  2583 | D:2      | 2583 ||| UPGRADING to +0 pair of gloves.
  2588 | D:2      | 2588 ||| READING 2 scrolls labelled QOSMUTIHEO.
  2589 | D:2      | 2589 ||| READING scroll of enchant armour.
  2589 | D:2      | 2589 ||| ENCHANTING +0 pair of gloves.
  2590 | D:2      | 2590 ||| READING scroll labelled KONEGI CAAPIAQA.
  2591 | D:2      | 2591 ||| READING scroll labelled CAGOUC DEOMEE.
  2592 | D:2      | 2592 ||| DRINKING 4 sapphire potions.
  2649 | D:3      | 2649 ||| READING scroll of enchant armour.
  2649 | D:3      | 2649 ||| ENCHANTING +1 pair of gloves.
  2797 | D:3      | Noticed Terence
  2809 | D:3      | 2809 ||| Stepping ~*~*~tactically~*~*~ (outnumbered).
  2819 | D:3      | Killed Terence
  2820 | D:3      | Reached skill level 1 in Armour
  2820 | D:3      | Reached XP level 5. HP: 23/41 MP: 6/6
  2837 | D:3      | 2837 ||| FLEEEEING.
  2838 | D:3      | 2838 ||| FLEEEEING.
  2839 | D:3      | 2839 ||| FLEEEEING.
  2840 | D:3      | 2840 ||| FLEEEEING.
  2841 | D:3      | 2841 ||| FLEEEEING.
  2842 | D:3      | 2842 ||| FLEEEEING.
  2843 | D:3      | 2843 ||| FLEEEEING.
  2844 | D:3      | 2844 ||| FLEEEEING.
  2845 | D:3      | 2845 ||| FLEEEEING.
  2846 | D:3      | 2846 ||| FLEEEEING.
  2847 | D:3      | 2847 ||| FLEEEEING.
  2848 | D:3      | 2848 ||| FLEEEEING.
  2849 | D:3      | 2849 ||| FLEEEEING.
  2850 | D:3      | 2850 ||| FLEEEEING.
  2851 | D:3      | 2851 ||| FLEEEEING.
  2852 | D:3      | 2852 ||| FLEEEEING.
  2854 | D:3      | 2854 ||| FLEEEEING.
  2855 | D:3      | 2855 ||| FLEEEEING.
  2856 | D:3      | 2856 ||| STAIRDANCE
  3024 | D:3      | 3024 ||| Stepping ~*~*~tactically~*~*~ (stealth).
  3027 | D:3      | 3027 ||| Stepping ~*~*~tactically~*~*~ (outnumbered).
  3028 | D:3      | 3028 ||| Stepping ~*~*~tactically~*~*~ (outnumbered).
  3029 | D:3      | 3029 ||| Stepping ~*~*~tactically~*~*~ (outnumbered).
  3030 | D:3      | 3030 ||| Stepping ~*~*~tactically~*~*~ (outnumbered).
  3031 | D:3      | 3031 ||| Stepping ~*~*~tactically~*~*~ (outnumbered).
  3032 | D:3      | 3032 ||| Stepping ~*~*~tactically~*~*~ (outnumbered).
  3033 | D:3      | 3033 ||| Stepping ~*~*~tactically~*~*~ (outnumbered).
  3034 | D:3      | 3034 ||| Stepping ~*~*~tactically~*~*~ (outnumbered).
  3037 | D:3      | 3037 ||| Stepping ~*~*~tactically~*~*~ (outnumbered).
  3038 | D:3      | 3038 ||| Stepping ~*~*~tactically~*~*~ (outnumbered).
  3039 | D:3      | 3039 ||| Stepping ~*~*~tactically~*~*~ (outnumbered).
  3040 | D:3      | 3040 ||| Stepping ~*~*~tactically~*~*~ (outnumbered).
  3041 | D:3      | 3041 ||| Stepping ~*~*~tactically~*~*~ (outnumbered).
  3166 | D:3      | Found Beodufid's Antique Armour Emporium.
  3169 | D:3      | 3169 ||| SHOPLISTING pair of spiked gloves (161 gold, have
                  | 140).
  3169 | D:3      | 3169 ||| SHOPLISTING runed orb (204 gold, have 140).
  3169 | D:3      | 3169 ||| SHOPLISTING shiny plate armour (442 gold, have
                  | 140).
  3169 | D:3      | 3169 ||| BUYING shiny scale mail (119 gold).
  3169 | D:3      | Bought a shiny scale mail for 119 gold pieces
  3169 | D:3      | 3169 ||| SHOPLISTING transparent chain mail (161 gold, have
                  | 21).
  3253 | D:3      | Reached skill level 1 in Throwing
  3264 | D:3      | 3264 ||| Stepping ~*~*~tactically~*~*~ (stealth).
  3306 | D:3      | 3306 ||| FLEEEEING.
  3308 | D:3      | Noticed an ice beast
  3309 | D:3      | 3309 ||| FLEEEEING.
  3310 | D:3      | 3310 ||| FLEEEEING.
  3311 | D:3      | 3311 ||| FLEEEEING.
  3312 | D:3      | 3312 ||| FLEEEEING.
  3313 | D:3      | 3313 ||| FLEEEEING.
  3314 | D:3      | 3314 ||| FLEEEEING.
  3317 | D:3      | 3317 ||| FLEEEEING.
  3318 | D:3      | 3318 ||| FLEEEEING.
  3319 | D:3      | 3319 ||| FLEEEEING.
  3320 | D:3      | 3320 ||| FLEEEEING.
  3324 | D:3      | 3324 ||| FLEEEEING.
  3325 | D:3      | 3325 ||| FLEEEEING.
  3326 | D:3      | 3326 ||| FLEEEEING.
  3327 | D:3      | 3327 ||| FLEEEEING.
  3328 | D:3      | 3328 ||| FLEEEEING.
  3329 | D:3      | 3329 ||| FLEEEEING.
  3330 | D:3      | 3330 ||| FLEEEEING.
  3331 | D:3      | 3331 ||| FLEEEEING.
  3335 | D:3      | 3335 ||| FLEEEEING.
  3336 | D:3      | 3336 ||| FLEEEEING.
  3337 | D:3      | 3337 ||| FLEEEEING.
  3341 | D:3      | 3341 ||| FLEEEEING.
  3342 | D:3      | 3342 ||| FLEEEEING.
  3343 | D:3      | 3343 ||| FLEEEEING.
  3344 | D:3      | 3344 ||| FLEEEEING.
  3345 | D:3      | 3345 ||| STAIRDANCE
  3419 | D:2      | 3419 ||| UPGRADING to +3 scale mail of cold resistance.
  3429 | D:2      | 3429 ||| UPGRADING to +0 cloak.
  3456 | D:3      | Killed an ice beast
  3457 | D:3      | Reached skill level 5 in Unarmed Combat
  3457 | D:3      | Reached XP level 6. HP: 38/48 MP: 7/7
  3457 | D:3      | 3457 ||| STAIRDANCE
  3858 | D:4      | Reached skill level 6 in Unarmed Combat
  3925 | D:4      | Found a staircase to the Ecumenical Temple.
  3926 | D:4      | 3926 ||| PLANNING TEMPLE
  3933 | Temple   | Entered the Ecumenical Temple
  3976 | Temple   | Became a worshipper of Warmaster Okawaru
  4146 | Temple   | 4146 ||| PLANNING D:1-11
  4384 | D:4      | 4384 ||| Stepping ~*~*~tactically~*~*~ (stealth).
  4489 | D:4      | Found an ancient bone altar of Kikubaaqudgha.
  4570 | D:4      | 4570 ||| READING scroll labelled YZISTR XOCECWAA.
  4575 | D:5      | Entered Level 5 of the Dungeon
  4583 | D:5      | Found a snail-covered altar of Cheibriados.
  4633 | D:5      | Reached skill level 3 in Fighting
  4633 | D:5      | Reached XP level 7. HP: 37/57 MP: 8/8
  4923 | D:5      | Reached skill level 7 in Unarmed Combat
  5029 | D:5      | Noticed Duvessa
  5032 | D:5      | Noticed Dowan
  5045 | D:5      | Killed Duvessa
  5045 | D:5      | Reached * piety under Okawaru
  5046 | D:5      | 5046 ||| INVOKING Heroism.
  5051 | D:5      | 5051 ||| Stepping ~*~*~tactically~*~*~ (hiding).
  5052 | D:5      | 5052 ||| Stepping ~*~*~tactically~*~*~ (hiding).
  5056 | D:5      | 5056 ||| INVOKING Heroism.
  5070 | D:5      | 5070 ||| INVOKING Heroism.
  5071 | D:5      | 5071 ||| INVOKING Heroism.
  5077 | D:5      | Killed Dowan
  5078 | D:5      | Reached skill level 8 in Unarmed Combat
  5078 | D:5      | Reached skill level 1 in Invocations
  5375 | D:5      | Found Xurchum's General Store.
  5385 | D:5      | 5385 ||| BUYING potion of haste (120 gold).
  5385 | D:5      | Bought a potion of haste for 120 gold pieces
  5385 | D:5      | 5385 ||| SHOPLISTING scroll of teleportation (36 gold, have
                  | 19).
  5590 | D:5      | Reached XP level 8. HP: 55/66 MP: 9/9
  5661 | D:5      | 5661 ||| UPGRADING to amulet of reflection.
  5666 | D:5      | 5666 ||| READING scroll labelled JEOMMO GAOMMIH.
  5667 | D:5      | 5667 ||| DRINKING 2 sedimented red potions.
  5668 | D:5      | 5668 ||| READING 2 scrolls of identify.
  5668 | D:5      | 5668 ||| IDENTIFYING cyan potion
  5669 | D:5      | 5669 ||| DROPPING potion of brilliance.
  5670 | D:5      | 5670 ||| DROPPING potion of degeneration.
  5677 | D:6      | 5677 ||| PLANNING SEWER
  5684 | D:6      | 5684 ||| Stepping ~*~*~tactically~*~*~ (stealth).
  5691 | D:6      | 5691 ||| INVOKING Heroism.
  5695 | D:6      | Reached skill level 3 in Invocations
  5730 | D:6      | Reached ** piety under Okawaru
  5813 | D:6      | 5813 ||| Stepping ~*~*~tactically~*~*~ (stealth).
  5815 | D:6      | 5815 ||| Stepping ~*~*~tactically~*~*~ (stealth).
  5819 | D:6      | 5819 ||| INVOKING Heroism.
  5842 | D:6      | 5842 ||| INVOKING Heroism.
  5999 | D:6      | 5999 ||| Stepping ~*~*~tactically~*~*~ (stealth).
  6326 | D:6      | 6326 ||| Stepping ~*~*~tactically~*~*~ (stealth).
  6328 | D:6      | 6328 ||| Stepping ~*~*~tactically~*~*~ (stealth).
  6332 | D:6      | 6332 ||| Stepping ~*~*~tactically~*~*~ (stealth).
  6345 | D:6      | Found a glowing drain.
  6349 | D:6      | 6349 ||| DROPPING scarf of shadows.
  6350 | D:6      | 6350 ||| DROPPING orb of energy.
  6351 | D:6      | 6351 ||| UPGRADING to +1 pair of boots of stealth.
  6365 | Sewer    | Entered a sewer
  6414 | Sewer    | Reached skill level 9 in Unarmed Combat
  6469 | Sewer    | 6469 ||| READING scroll labelled URCHUSSAZXE.
  6486 | D:6      | 6486 ||| PLANNING D:1-11
  6577 | D:6      | Found Yceam's Hydra Hut.
  6582 | D:6      | Noticed a seven-headed hydra
  6737 | D:6      | 6737 ||| DROPPING +0 chain mail.
  6738 | D:6      | 6738 ||| UPGRADING to +0 plate armour.
  6748 | D:6      | 6748 ||| DROPPING +3 scale mail of cold resistance.
  6749 | D:6      | 6749 ||| READING 3 scrolls labelled IRUUKH CURY.
  6750 | D:6      | 6750 ||| DROPPING 2 scrolls of noise.
  6767 | D:7      | 6767 ||| PLANNING OSSUARY
  6774 | D:7      | Noticed a vampire
  6781 | D:7      | 6781 ||| Stepping ~*~*~tactically~*~*~ (outnumbered).
  6782 | D:7      | 6782 ||| Stepping ~*~*~tactically~*~*~ (outnumbered).
  6783 | D:7      | 6783 ||| Stepping ~*~*~tactically~*~*~ (outnumbered).
  6784 | D:7      | 6784 ||| Stepping ~*~*~tactically~*~*~ (outnumbered).
  6785 | D:7      | 6785 ||| Stepping ~*~*~tactically~*~*~ (outnumbered).
  6786 | D:7      | 6786 ||| Stepping ~*~*~tactically~*~*~ (outnumbered).
  6788 | D:7      | Reached XP level 9. HP: 70/71 MP: 11/11
  6791 | D:7      | 6791 ||| STAIRDANCE
  6803 | D:6      | Reached skill level 3 in Armour
  7027 | D:7      | Found a sand-covered staircase.
  7028 | D:7      | 7028 ||| READING scroll labelled UNOEF SESUMPI.
  7047 | D:7      | 7047 ||| Stepping ~*~*~tactically~*~*~ (stealth).
  7051 | D:7      | 7051 ||| INVOKING Heroism.
  7069 | D:7      | Reached *** piety under Okawaru
  7333 | D:7      | 7333 ||| DROPPING amulet of the acrobat.
  7338 | D:7      | 7338 ||| Stepping ~*~*~tactically~*~*~ (hiding).
  7339 | D:7      | 7339 ||| INVOKING Heroism.
  7341 | D:7      | 7341 ||| Stepping ~*~*~tactically~*~*~ (outnumbered).
  7364 | D:7      | 7364 ||| INVOKING Heroism.
  7366 | D:7      | Reached skill level 10 in Unarmed Combat
  7376 | D:7      | 7376 ||| Stepping ~*~*~tactically~*~*~ (hiding).
  7389 | D:7      | 7389 ||| INVOKING Heroism.
  7391 | D:7      | Noticed a hornet
  7402 | D:7      | Killed a hornet
  7403 | D:7      | Reached skill level 6 in Fighting
  7434 | D:7      | 7434 ||| RIP OSSUARY
  7545 | D:7      | 7545 ||| PLANNING D:1-11
  7559 | D:7      | 7559 ||| Stepping ~*~*~tactically~*~*~ (stealth).
  7561 | D:7      | 7561 ||| INVOKING Heroism.
  7562 | D:7      | 7562 ||| Stepping ~*~*~tactically~*~*~ (hiding).
  7794 | D:7      | 7794 ||| Stepping ~*~*~tactically~*~*~ (stealth).
  7798 | D:7      | 7798 ||| INVOKING Heroism.
  7803 | D:7      | 7803 ||| Stepping ~*~*~tactically~*~*~ (outnumbered).
  7804 | D:7      | 7804 ||| Stepping ~*~*~tactically~*~*~ (outnumbered).
  7807 | D:7      | 7807 ||| Stepping ~*~*~tactically~*~*~ (outnumbered).
  7808 | D:7      | 7808 ||| Stepping ~*~*~tactically~*~*~ (outnumbered).
  7809 | D:7      | 7809 ||| Stepping ~*~*~tactically~*~*~ (outnumbered).
  7816 | D:7      | 7816 ||| Stepping ~*~*~tactically~*~*~ (outnumbered).
  7818 | D:7      | 7818 ||| Stepping ~*~*~tactically~*~*~ (outnumbered).
  7849 | D:7      | Found Zanoih's Antique Weapon Shop.
  7883 | D:7      | 7883 ||| Stepping ~*~*~tactically~*~*~ (outnumbered).
  7884 | D:7      | 7884 ||| Stepping ~*~*~tactically~*~*~ (outnumbered).
  7885 | D:7      | 7885 ||| Stepping ~*~*~tactically~*~*~ (outnumbered).
  7887 | D:7      | 7887 ||| Stepping ~*~*~tactically~*~*~ (outnumbered).
  7891 | D:7      | 7891 ||| FLEEEEING.
  7892 | D:7      | 7892 ||| FLEEEEING.
  7893 | D:7      | 7893 ||| FLEEEEING.
  7894 | D:7      | 7894 ||| FLEEEEING.
  7895 | D:7      | 7895 ||| FLEEEEING.
  7896 | D:7      | 7896 ||| FLEEEEING.
  7897 | D:7      | 7897 ||| FLEEEEING.
  7898 | D:7      | 7898 ||| FLEEEEING.
  7899 | D:7      | 7899 ||| FLEEEEING.
  7900 | D:7      | 7900 ||| FLEEEEING.
  7901 | D:7      | 7901 ||| FLEEEEING.
  7902 | D:7      | 7902 ||| FLEEEEING.
  7903 | D:7      | 7903 ||| FLEEEEING.
  7904 | D:7      | 7904 ||| FLEEEEING.
  7923 | D:7      | 7923 ||| Stepping ~*~*~tactically~*~*~ (stealth).
  7927 | D:7      | 7927 ||| Stepping ~*~*~tactically~*~*~ (stealth).
  7940 | D:7      | Reached skill level 11 in Unarmed Combat
  8046 | D:7      | Found a hazy altar of Hepliaklqana.
  8075 | D:7      | 8075 ||| Stepping ~*~*~tactically~*~*~ (stealth).
  8077 | D:7      | 8077 ||| Stepping ~*~*~tactically~*~*~ (stealth).
  8079 | D:7      | 8079 ||| Stepping ~*~*~tactically~*~*~ (stealth).
  8081 | D:7      | 8081 ||| INVOKING Heroism.
  8083 | D:7      | 8083 ||| Stepping ~*~*~tactically~*~*~ (outnumbered).
  8189 | D:8      | Found Wesouwib's Jewellery Emporium.
  8237 | D:8      | 8237 ||| SHOPLISTING +4 ring of protection (432 gold, have
                  | 181).
  8237 | D:8      | 8237 ||| SHOPLISTING +6 ring of strength (432 gold, have
                  | 181).
  8237 | D:8      | 8237 ||| SHOPLISTING ring "Xajoex" {rF+ Will+ Int+3 Dex+3
                  | Slay-6} (300 gold, have 181).
  8237 | D:8      | 8237 ||| SHOPLISTING ring of Gonnidie {*Corrode Will+ Dex+2
                  | Stlth+} (400 gold, have 181).
  8237 | D:8      | 8237 ||| BUYING ring of see invisible (180 gold).
  8237 | D:8      | Bought a ring of see invisible for 180 gold pieces
  8237 | D:8      | 8237 ||| SHOPLISTING ring of willpower (300 gold, have 1).
  8261 | D:8      | 8261 ||| Stepping ~*~*~tactically~*~*~ (hiding).
  8370 | D:8      | 8370 ||| INVOKING Heroism.
  8374 | D:8      | 8374 ||| Stepping ~*~*~tactically~*~*~ (outnumbered).
  8378 | D:8      | Reached XP level 10. HP: 83/83 MP: 9/12
  8386 | D:8      | Reached skill level 3 in Throwing
  8399 | D:8      | 8399 ||| Stepping ~*~*~tactically~*~*~ (hiding).
  8400 | D:8      | 8400 ||| Stepping ~*~*~tactically~*~*~ (hiding).
  8403 | D:8      | 8403 ||| Stepping ~*~*~tactically~*~*~ (hiding).
  8406 | D:8      | Noticed a two-headed ogre
  8408 | D:8      | 8408 ||| INVOKING Heroism.
  8420 | D:8      | Killed a two-headed ogre
  8420 | D:8      | Reached **** piety under Okawaru
  8421 | D:8      | Reached skill level 12 in Unarmed Combat
  8519 | D:8      | 8519 ||| READING 3 scrolls of enchant armour.
  8519 | D:8      | 8519 ||| ENCHANTING +1 hat.
  8520 | D:8      | 8520 ||| READING 2 scrolls of enchant armour.
  8520 | D:8      | 8520 ||| ENCHANTING +1 pair of boots of stealth.
  8521 | D:8      | 8521 ||| READING scroll of enchant armour.
  8521 | D:8      | 8521 ||| ENCHANTING +0 cloak.
  8610 | D:8      | Found Coutoezu's Armour Emporium.
  8615 | D:8      | 8615 ||| SHOPLISTING +1 pair of gloves of dexterity (198
                  | gold, have 13).
  8615 | D:8      | 8615 ||| SHOPLISTING +2 chain mail of fire resistance (258
                  | gold, have 13).
  8645 | D:8      | Found a flagged portal.
  8647 | D:8      | 8647 ||| INVOKING Heroism.
  8708 | D:8      | Found Bil Opri's Antique Armour Emporium.
  8879 | D:8      | 8879 ||| UPGRADING to ring of see invisible.
  8961 | D:9      | 8961 ||| Stepping ~*~*~tactically~*~*~ (hiding).
  8964 | D:9      | 8964 ||| Stepping ~*~*~tactically~*~*~ (hiding).
  9070 | D:9      | Found an ornate altar of the Wu Jian Council.
  9071 | D:9      | 9071 ||| Stepping ~*~*~tactically~*~*~ (stealth).
  9073 | D:9      | 9073 ||| Stepping ~*~*~tactically~*~*~ (hiding).
  9074 | D:9      | 9074 ||| Stepping ~*~*~tactically~*~*~ (hiding).
  9079 | D:9      | 9079 ||| INVOKING Heroism.
  9083 | D:9      | 9083 ||| Stepping ~*~*~tactically~*~*~ (outnumbered).
  9098 | D:9      | 9098 ||| Stepping ~*~*~tactically~*~*~ (hiding).
  9109 | D:9      | 9109 ||| INVOKING Heroism.
  9112 | D:9      | 9112 ||| Stepping ~*~*~tactically~*~*~ (hiding).
  9125 | D:9      | 9125 ||| Stepping ~*~*~tactically~*~*~ (stealth).
  9129 | D:9      | 9129 ||| Stepping ~*~*~tactically~*~*~ (hiding).
  9160 | D:9      | 9160 ||| Stepping ~*~*~tactically~*~*~ (hiding).
  9163 | D:9      | 9163 ||| Stepping ~*~*~tactically~*~*~ (hiding).
  9165 | D:9      | 9165 ||| Stepping ~*~*~tactically~*~*~ (hiding).
  9191 | D:9      | 9191 ||| Stepping ~*~*~tactically~*~*~ (stealth).
  9193 | D:9      | 9193 ||| Stepping ~*~*~tactically~*~*~ (hiding).
  9196 | D:9      | 9196 ||| Stepping ~*~*~tactically~*~*~ (hiding).
  9219 | D:9      | Identified the +7 short sword "Lorem Ipsum" {vorpal, +Blink
                  | rPois Int+3}
  9237 | D:9      | 9237 ||| INVOKING Heroism.
  9386 | D:9      | 9386 ||| INVOKING Heroism.
  9387 | D:9      | 9387 ||| Stepping ~*~*~tactically~*~*~ (outnumbered).
  9436 | D:9      | 9436 ||| INVOKING Heroism.
  9452 | D:9      | 9452 ||| DRINKING 4 potions of curing.
  9452 | D:9      | 9452 ||| (to cure confusion)
  9494 | D:9      | Found Doth's Changing Room.
  9696 | D:10     | Entered Level 10 of the Dungeon
  9696 | D:10     | Found a staircase to the Orcish Mines.
  9698 | D:10     | 9698 ||| Stepping ~*~*~tactically~*~*~ (stealth).
  9699 | D:10     | 9699 ||| INVOKING Heroism.
  9700 | D:10     | Received a gift from Okawaru
  9701 | D:10     | Reached skill level 6 in Invocations
  9701 | D:10     | 9701 ||| Stepping ~*~*~tactically~*~*~ (hiding).
  9701 | D:10     | Found a staircase to the Lair.
  9702 | D:10     | 9702 ||| Stepping ~*~*~tactically~*~*~ (outnumbered).
  9719 | D:10     | Reached ***** piety under Okawaru
  9735 | D:10     | 9735 ||| INVOKING Heroism.
  9755 | D:10     | HP: 20/86 [yak (9)]
  9756 | D:10     | 9756 ||| READING 4 scrolls of teleportation.
  9757 | D:10     | 9757 ||| DRINKING 2 potions of heal wounds.
  9918 | D:10     | 9918 ||| Stepping ~*~*~tactically~*~*~ (hiding).
  9933 | D:10     | Reached XP level 11. HP: 91/92 MP: 15/15
 10053 | D:10     | 10053 ||| INVOKING Heroism.
 10054 | D:10     | 10054 ||| Stepping ~*~*~tactically~*~*~ (hiding).
 10057 | D:10     | 10057 ||| Stepping ~*~*~tactically~*~*~ (outnumbered).
 10383 | D:10     | Reached skill level 13 in Unarmed Combat
 10561 | D:10     | 10561 ||| INVOKING Heroism.
 10564 | D:10     | HP: 15/92 [efreet/bolt of fire (19)]
 10565 | D:10     | 10565 ||| READING 3 scrolls of teleportation.
 10565 | D:10     | HP: 4/92 [efreet/+4 scimitar of flaming (4)]
 10566 | D:10     | 10566 ||| DRINKING 2 potions of heal wounds.
 10567 | D:10     | 10567 ||| DRINKING potion of heal wounds.
 10837 | D:10     | 10837 ||| Stepping ~*~*~tactically~*~*~ (hiding).
 10851 | D:10     | 10851 ||| INVOKING Heroism.
 10854 | D:10     | Received a gift from Okawaru
 11303 | D:10     | 11303 ||| PLANNING LAIR
 11303 | D:10     | 11303 ||| READING scroll labelled IMIFUU NIDESM.
 11304 | D:10     | 11304 ||| READING scroll labelled ZETECU XEASORO.
 11305 | D:10     | 11305 ||| READING 8 scrolls of identify.
 11305 | D:10     | 11305 ||| IDENTIFYING fizzy inky potion
 11306 | D:10     | 11306 ||| DROPPING potion of lignification.
 11344 | Lair:1   | Entered Level 1 of the Lair of Beasts
 11345 | Lair:1   | 11345 ||| INVOKING Heroism.
 11355 | Lair:1   | 11355 ||| Stepping ~*~*~tactically~*~*~ (outnumbered).
 11356 | Lair:1   | 11356 ||| Stepping ~*~*~tactically~*~*~ (outnumbered).
 11455 | Lair:1   | Reached skill level 9 in Invocations
 11457 | Lair:1   | 11457 ||| INVOKING Heroism.
 11551 | Lair:1   | 11551 ||| INVOKING Heroism.
 11553 | Lair:1   | 11553 ||| Stepping ~*~*~tactically~*~*~ (outnumbered).
 11554 | Lair:1   | 11554 ||| Stepping ~*~*~tactically~*~*~ (outnumbered).
 11555 | Lair:1   | 11555 ||| Stepping ~*~*~tactically~*~*~ (outnumbered).
 11556 | Lair:1   | 11556 ||| Stepping ~*~*~tactically~*~*~ (outnumbered).
 11587 | Lair:1   | HP: 18/94 [scorpion (6)]
 11588 | Lair:1   | 11588 ||| READING 2 scrolls of teleportation.
 11629 | Lair:1   | 11629 ||| Stepping ~*~*~tactically~*~*~ (stealth).
 11631 | Lair:1   | 11631 ||| Stepping ~*~*~tactically~*~*~ (stealth).
 11632 | Lair:1   | 11632 ||| Stepping ~*~*~tactically~*~*~ (stealth).
 11633 | Lair:1   | 11633 ||| Stepping ~*~*~tactically~*~*~ (stealth).
 11635 | Lair:1   | 11635 ||| Stepping ~*~*~tactically~*~*~ (stealth).
 11636 | Lair:1   | 11636 ||| Stepping ~*~*~tactically~*~*~ (hiding).
 11637 | Lair:1   | 11637 ||| INVOKING Heroism.
 11648 | Lair:1   | Identified the +2 battleaxe of Conscience {vorpal, Int+8}
                  | (Okawaru gifted it to you on level 1 of the Lair of Beasts)
 11648 | Lair:1   | Received a gift from Okawaru
 11991 | Lair:1   | 11991 ||| INVOKING Heroism.
 12134 | Lair:1   | 12134 ||| INVOKING Heroism.
 12164 | Lair:1   | 12164 ||| Stepping ~*~*~tactically~*~*~ (stealth).
 12167 | Lair:1   | 12167 ||| Stepping ~*~*~tactically~*~*~ (stealth).
 12168 | Lair:1   | 12168 ||| Stepping ~*~*~tactically~*~*~ (stealth).
 12171 | Lair:1   | Reached skill level 14 in Unarmed Combat
 12194 | Lair:1   | Reached XP level 12. HP: 101/101 MP: 18/18
 12372 | Lair:1   | 12372 ||| Stepping ~*~*~tactically~*~*~ (hiding).
 12376 | Lair:1   | 12376 ||| INVOKING Heroism.
 12385 | Lair:1   | Noticed a dire elephant
 12386 | Lair:1   | 12386 ||| Stepping ~*~*~tactically~*~*~ (outnumbered).
 12397 | Lair:1   | 12397 ||| Stepping ~*~*~tactically~*~*~ (water).
 12399 | Lair:1   | HP: 24/101 [elephant (7)]
 12400 | Lair:1   | 12400 ||| READING 2 scrolls of teleportation.
 12868 | Lair:1   | 12868 ||| Stepping ~*~*~tactically~*~*~ (stealth).
 12870 | Lair:1   | 12870 ||| Stepping ~*~*~tactically~*~*~ (stealth).
 12886 | Lair:1   | Reached skill level 6 in Armour
 12900 | Lair:1   | 12900 ||| INVOKING Heroism.
 12913 | Lair:1   | Killed a dire elephant
 13028 | Lair:1   | Noticed a dire elephant
 13028 | Lair:1   | Noticed an anaconda
 13029 | Lair:1   | 13029 ||| INVOKING Heroism.
 13039 | Lair:1   | 13039 ||| Stepping ~*~*~tactically~*~*~ (outnumbered).
 13040 | Lair:1   | 13040 ||| Stepping ~*~*~tactically~*~*~ (outnumbered).
 13049 | Lair:1   | 13049 ||| Stepping ~*~*~tactically~*~*~ (outnumbered).
 13050 | Lair:1   | 13050 ||| Stepping ~*~*~tactically~*~*~ (outnumbered).
 13062 | Lair:1   | Killed an anaconda
 13064 | Lair:1   | 13064 ||| Stepping ~*~*~tactically~*~*~ (outnumbered).
 13065 | Lair:1   | 13065 ||| Stepping ~*~*~tactically~*~*~ (outnumbered).
 13066 | Lair:1   | 13066 ||| Stepping ~*~*~tactically~*~*~ (outnumbered).
 13066 | Lair:1   | HP: 16/101 [polar bear (11)]
 13067 | Lair:1   | 13067 ||| READING scroll of teleportation.
 13068 | Lair:1   | 13068 ||| Stepping ~*~*~tactically~*~*~ (outnumbered).
 13069 | Lair:1   | Slain by a polar bear

Levels and vault maps discovered:
D:1:      dpeg_arrival_tiny_j, layout_loops_cross,
          shapermc_ecumenical_altar_rom_forum, minmay_misc_feat_roman
D:2:      layout_basic, hangedman_decor_push, minmay_snake_closets
D:3:      layout_loops_ring, serial_shops, nicolae_shop_behind_doors,
          uniq_terence
D:4:      layout_rooms, lemuel_zombie_altar_kikubaaqudgha,
          minmay_temple_entry_trees
D:5:      layout_loops_ring, general_overflow_altar, serial_shops,
          nicolae_square_shop, uniq_duvessa
D:6:      layout_basic, portal_sewer_entry_b, doesnt_shop_hydraphobe
D:7:      layout_basic, nicolae_overflow_crystal_walls,
          nicolae_ossuary_entry_false_entrances, serial_shops,
          nicolae_shop_trees, chequers_serial_rivers_room_a, minmay_microvault
D:8:      layout_rooms, enter_bailey_5, serial_shops, kennysheep_little_box,
          shop, shop
D:9:      layout_rooms, old_standard_altar, nicolae_transmutations_shop
D:10:     layout_loops_cross, minmay_lair_entry_grove, orc_0_dummy
Temple:   dpeg_five_rooms_temple
Lair:1:   layout_regular_city, nicolae_lair_lakeside_cave

Skill      XL: |  1  2  3  4  5  6  7  8  9 10 11 12 |
---------------+-------------------------------------+-----
Unarmed Combat | 1 2 3 4 5 6 8 9 11 12 14 | 14.9
Fighting       | 1 2 3 4 6 7 8 |  8.0
Armour         | 1 2 4 5 6 |  6.0
Throwing       | 1 2 3 4 |  4.0
Invocations    | 2 4 7 10 | 10.0
Dodging        | |  1.7
Stealth        | |  2.1
Spellcasting   | |  1.7
Conjurations   | |  0.7
Fire Magic     | |  2.4

Action                   |  1- 3 |  4- 6 |  7- 9 | 10-12 || total
-------------------------+-------+-------+-------+-------++-------
Melee: Unarmed           |   139 |   223 |   389 |   448 ||  1199
       Punch             |     2 |     7 |    20 |    38 ||    67
Throw: Javelin           |       |    34 |    38 |    41 ||   113
       Boomerang         |       |       |    12 |    27 ||    39
Invok: Heroism           |       |       |    14 |    21 ||    35
  Use: Scroll            |     3 |     6 |     5 |    11 ||    25
       Potion            |     1 |     1 |     1 |     4 ||     7
Armor: Robe              |     6 |       |       |       ||     6
       Chain mail        |    49 |    71 |       |       ||   120
       Scale mail        |       |    63 |    81 |       ||   144
       Plate armour      |       |       |   120 |   376 ||   496
Dodge: Dodged            |    55 |   104 |   112 |   117 ||   388
Block: Other             |       |       |    60 |    90 ||   150
       Reflection        |       |       |     4 |     6 ||    10

Table legend:
 A = Non-vault XP
 B = Vault XP
 C = Vault XP percentage of total XP
 D = Non-vault monster count
 E = Vault monster count
 F = Vault count percentage of total count
                 A         B        C        D         E       F
            +---------+---------+-------+---------+---------+-------
      Total |   13949 |    9298 |  40.0 |     249 |      63 |  20.2
            +---------+---------+-------+---------+---------+-------
        D:1 |      21 |       0 |   0.0 |      14 |       0 |   0.0
        D:2 |      61 |      52 |  46.0 |      24 |      11 |  31.4
        D:3 |     186 |      36 |  16.2 |      23 |       1 |   4.2
        D:4 |     214 |       6 |   2.7 |      16 |       3 |  15.8
        D:5 |     499 |     227 |  31.3 |      10 |       2 |  16.7
        D:6 |     838 |     217 |  20.6 |      20 |       8 |  28.6
        D:7 |    2020 |       0 |   0.0 |      50 |       0 |   0.0
        D:8 |    1113 |       6 |   0.5 |      12 |       4 |  25.0
        D:9 |    1801 |       0 |   0.0 |      42 |       0 |   0.0
       D:10 |    2445 |    2108 |  46.3 |      12 |      12 |  50.0
     Lair:1 |    4751 |    6487 |  57.7 |      26 |      20 |  43.5
      Sewer |       0 |     159 | 100.0 |       0 |       2 | 100.0
            +---------+---------+-------+---------+---------+-------
